 Dungeon Crawl Stone Soup version 0.28.0-55-gcd9437bce4 (webtiles) character file.

Game seed: 6112529806107217021

17520 cbfl8 the Cleaver (level 12, -16/141 HPs)
             Began as a Demonspawn Berserker on Dec 2, 2022.
             Was a High Priest of Trog.
             Demolished by a titanic slime creature (79 damage)
             ... on level 12 of the Dungeon on Dec 5, 2022.
             The game lasted 00:21:15 (15325 turns).

cbfl8 the Cleaver (Demonspawn Berserker)           Turns: 15325, Time: 00:21:16

Health: -16/141    AC: 20    Str: 21    XL:     12   Next: 19%
Magic:  12/12      EV: 13    Int: 11    God:    Trog [*****.]
Gold:   828        SH:  4    Dex: 14    Spells: 11/11 levels left

rFire   + + .      SeeInvis .   Q - +2 executioner's axe (flame)
rCold   + . .      Faith    .   (shield currently unavailable)
rNeg    . . .      Spirit   .   m - +3 ring mail
rPois   .          Reflect  .   E - +1 hat {Stlth+}
rElec   +          Harm     .   A - scarf {rC+ rF+}
rCorr   .          Rampage  .   (no gloves)
Will    +....                   (no boots)
Stlth   ..........              D - amulet of the acrobat
HPRegen 0.33/turn               t - +4 ring of protection
MPRegen 0.13/turn               K - ring of the Townfolk {rElec rF+ Will+ Int+2}

@: berserking, very quick
A: horns 2, molten scales 1, icemail 1, condensation shield, demonic magic 1
a: Renounce Religion, Berserk, Trog's Hand, Brothers in Arms


You were on level 12 of the Dungeon.
You worshipped Trog.
Trog was extremely pleased with you.
You visited 1 branch of the dungeon, and saw 12 of its levels.
You also visited: Ossuary.

You collected 828 gold pieces.

Inventory:

Hand Weapons
 Q - a +2 executioner's axe of flaming (weapon)
Missiles
 F - 2 throwing nets
Armour
 m - a +3 ring mail (worn)
 A - a scarf of resistance (worn)
 E - a +1 hat of stealth (worn)
Jewellery
 t - a +4 ring of protection (left hand)
 D - an amulet of the acrobat (around neck)
 K - the ring of the Townfolk (right hand) {rElec rF+ Will+ Int+2}
   (You found it on level 11 of the Dungeon)

   [ring of willpower]

   Int:       It affects your intelligence (+2).
   rF:        It protects you from fire.
   rElec:     It insulates you from electricity.
   Will:      It increases your willpower.
 N - a ring of resist corrosion
Wands
 a - a wand of flame (31)
 g - a wand of iceblast (14)
 h - a wand of polymorph (17)
 I - a wand of charming (6)
 P - a wand of acid (5) (quivered)
Scrolls
 b - 2 scrolls of noise
 f - 6 scrolls of teleportation
 i - a scroll of vulnerability {unknown}
 j - 2 scrolls of silence
 k - 4 scrolls of immolation
 n - 4 scrolls of fear
 p - 3 scrolls of enchant armour
 q - 4 scrolls of magic mapping
 v - a scroll of summoning
 w - 2 scrolls of amnesia {unknown}
 y - 2 scrolls of holy word
 G - a scroll of acquirement {unknown}
 M - 2 scrolls of enchant weapon
 O - a scroll of fog {unknown}
 R - a scroll of blinking {unknown}
Potions
 c - 8 potions of curing
 d - 3 potions of lignification {unknown}
 e - a potion of berserk rage {unknown}
 l - 2 potions of brilliance {unknown}
 o - 3 potions of heal wounds
 r - 2 potions of mutation {unknown}
 s - 2 potions of haste
 u - 2 potions of degeneration {unknown}
 x - 5 potions of attraction {unknown}
 z - 2 potions of ambrosia {unknown}
 B - 2 potions of might
 C - a potion of cancellation {unknown}
 H - 2 potions of flight {unknown}
 L - a potion of magic {unknown}
Miscellaneous
 J - a tin of tremorstones (2/2)


   Skills:
 * Level 8.7 Fighting
 * Level 12.7(12.9) Axes
 + Level 3.3(8.9) Maces & Flails
 + Level 5.5 Armour
 * Level 6.6 Dodging
 + Level 1.2 Stealth
 + Level 2.7 Shields
 * Level 7.1 Evocations


You had 11 spell levels left.
You didn't know any spells.
Your spell library was empty.

Dungeon Overview and Level Annotations

Branches:
Dungeon (12/15)            Temple (0/1) D:4            Lair (0/6) D:8
    Orc (0/2) D:10        Ossuary (visited)

Altars:
Gozag
Hepliaklqana
Kikubaaqudgha
Okawaru
Uskayaw
Xom
Yredelemnul

Shops:
D:5 (

Annotations:
D:10 1 runed translucent door, turdburglar's ghost, journeyman GnHu


Innate Abilities, Weirdness & Mutations

You have a pair of horns on your head.
You are partially covered in molten scales. (AC +2)
A meltable icy envelope protects you from harm. (AC +4)
A meltable shield of frost defends you. (SH +4)
Spells you cast may paralyse adjacent enemies.


Message History

A slime creature comes into view.
Found 11 gold pieces.
A slime creature is nearby! 2 slime creatures come into view.
The slime creature quivers. x2
There are monsters nearby! 3 slime creatures come into view.
The slime creature quivers. x3
Two slime creatures merge to form a large slime creature.
You hit the large slime creature. You burn the large slime creature.
The large slime creature is lightly wounded.
There are monsters nearby!
You hit the large slime creature. You burn the large slime creature.
The large slime creature is lightly wounded.
Two slime creatures merge to form a very large slime creature.
Two slime creatures merge to form an enormous slime creature.
You slice the enormous slime creature!! You burn the enormous slime creature.
You headbutt the enormous slime creature.
The enormous slime creature is lightly wounded.
The enormous slime creature barely misses you.
A red film seems to cover your vision as you go berserk!
You feel yourself moving faster!
You feel mighty!
Two slime creatures merge to form a titanic slime creature.
You slice the titanic slime creature like a ripe choko!!!
You burn the titanic slime creature.
The titanic slime creature is moderately wounded.
You slice the titanic slime creature!! You burn the titanic slime creature!
You headbutt the titanic slime creature!
The titanic slime creature is heavily wounded.
You slice the titanic slime creature!! You burn the titanic slime creature.
You headbutt the titanic slime creature!
The titanic slime creature is heavily wounded.
The titanic slime creature hits you!!!!
Ouch! That really hurt!
You cut the titanic slime creature into ribbons!!!
You burn the titanic slime creature.
The titanic slime creature is severely wounded.
The titanic slime creature hits you!!!!
Ouch! That really hurt!
You die...

###'#### ########.. ##.#
#.. #..# ### ##.## #..#
##'####### #### ##
#........# $.... .
.###....:...# ####......
..##.....)..# #.@JJ.....
#..+......<.###.##......
####........#...# .....
#........#.### ....
#........#.# ...
#........'.# ...#
#........### ..#
######'### .# ## #..#
#########.##


You could see a titanic slime creature and a slime creature.

Vanquished Creatures
  Gastronok (D:8)
  Harold (D:8)
  A boulder beetle (D:12)
  A hydra (D:12)
  3 two-headed ogres (D:10)
  A deep elf pyromancer (D:12)
  Pikel (D:8)
  A cyclops (D:11)
  Joseph (D:7)
  An unseen horror (D:12)
  2 trolls
  A hornet (D:11)
  Grinder (D:3)
  Sigmund (D:5)
  A wraith (D:10)
  3 wyverns (D:9)
  A vampire (D:7)
  16 yaks
  A steam dragon (D:9)
  2 vampire mosquitoes (D:11)
  Duvessa (D:6)
  An acid dragon (D:10)
  2 floating eyes (D:9)
  2 water moccasins (D:8)
  2 black bears
  8 orc warriors
  A black bear (shapeshifter) (D:12)
  A necrophage (D:6)
  A hornet zombie (D:8)
  An ice beast (D:6)
  8 centaurs
  6 ogres
  3 lemures
  A phantom (D:10)
  6 kobold brigands
  An elf zombie (Ossuary)
  2 bullfrogs
  3 scorpions
  A wyvern zombie (D:7)
  4 killer bees (D:11)
  3 troll zombies (D:10)
  5 wights
  5 howler monkeys
  4 centaur zombies
  2 hounds (D:5)
  3 jellies
  6 orc priests
  A bullfrog skeleton (D:5)
  6 gnoll shamans
  2 centaur skeletons
  17 orc wizards
  An iguana (D:4)
  5 ogre zombies (D:10)
  2 mummies (Ossuary)
  A howler monkey zombie (D:9)
  Robin (D:3)
  A howler monkey skeleton (D:4)
  17 gnolls
  6 adders
  A shadow imp (D:6)
  A white imp (D:7)
  2 ufetubi (D:6)
  An adder skeleton (D:4)
  An adder zombie (Ossuary)
  3 worms
  2 dart slugs
  36 orcs
  2 bats
  7 endoplasms
  2 giant cockroaches (D:4)
  12 goblins
  7 hobgoblins
  25 kobolds
  3 quokkas
  9 ball pythons
  5 frilled lizards
  A goblin skeleton (D:10)
  7 goblin zombies
  12 hobgoblin zombies
  A jackal zombie (Ossuary)
  12 kobold zombies (Ossuary)
  2 orc skeletons (D:10)
  21 orc zombies
  A quokka zombie (D:7)
  3 rats
  4 rat zombies (Ossuary)
367 creatures vanquished.

Vanquished Creatures (others)
  6 fungi (D:10)
  8 plants
14 creatures vanquished.

Grand Total: 381 creatures vanquished

Notes
Turn   | Place    | Note
-------+----------+-------------------------------------------
     0 | D:1      | cbfl8 the Demonspawn Berserker began the quest for the Orb.
     0 | D:1      | Reached XP level 1. HP: 18/18 MP: 1/1
     6 | D:1      | Noticed an anaconda
     6 | D:1      | Noticed a komodo dragon
     7 | D:1      | Noticed a rime drake
   444 | D:1      | Reached skill level 3 in Axes
   444 | D:1      | Gained mutation: You have a pair of small horns on your
                  | head. [demonic ancestry]
   444 | D:1      | Reached XP level 2. HP: 18/24 MP: 2/2
   825 | D:2      | Found an ancient bone altar of Kikubaaqudgha.
  1297 | D:2      | Gained mutation: A meltable shield of frost defends you.
                  | (SH +4) [demonic ancestry]
  1297 | D:2      | Reached XP level 3. HP: 28/29 MP: 3/3
  1744 | D:2      | Found a faded altar of an unknown god.
  1775 | D:2      | Reached ** piety under Trog
  2244 | D:3      | Noticed Robin
  2247 | D:3      | Gained mutation: A meltable icy envelope protects you from
                  | harm. (AC +4) [demonic ancestry]
  2247 | D:3      | Reached XP level 4. HP: 35/35 MP: 4/4
  2306 | D:3      | Killed Robin
  2307 | D:3      | Reached skill level 4 in Axes
  2591 | D:3      | Reached skill level 1 in Evocations
  2591 | D:3      | Reached XP level 5. HP: 34/41 MP: 5/5
  2876 | D:3      | Noticed Grinder
  2887 | D:3      | Paralysed by Grinder for 4 turns
  3622 | D:3      | Paralysed by Grinder for 7 turns
  3635 | D:3      | Killed Grinder
  3636 | D:3      | Reached XP level 6. HP: 26/48 MP: 6/6
  4012 | D:4      | Reached skill level 5 in Axes
  4108 | D:4      | Found a staircase to the Ecumenical Temple.
  4127 | D:4      | Reached XP level 7. HP: 54/54 MP: 7/7
  4227 | D:4      | Reached skill level 1 in Shields
  4591 | D:4      | Found an iron altar of Okawaru.
  4591 | D:4      | Found an opulent altar of Gozag.
  4751 | D:5      | Entered Level 5 of the Dungeon
  4868 | D:5      | Found Zad Xeki's Antique Weapon Emporium.
  4895 | D:5      | Reached skill level 6 in Axes
  5413 | D:5      | Noticed Sigmund
  5420 | D:5      | Killed Sigmund
  5421 | D:5      | Gained mutation: You are partially covered in molten
                  | scales. (AC +2) [demonic ancestry]
  5421 | D:5      | Reached XP level 8. HP: 61/61 MP: 8/8
  5522 | D:5      | Reached *** piety under Trog
  5523 | D:5      | Reached skill level 7 in Axes
  5953 | D:6      | Noticed Dowan
  5953 | D:6      | Noticed Duvessa
  5961 | D:6      | Killed Duvessa
  5977 | D:6      | Noticed Dowan
  5977 | D:6      | Dowan changed into Dowan the kobold
  5987 | D:6      | Killed Dowan the kobold
  6138 | D:6      | Reached skill level 5 in Fighting
  6728 | D:7      | Found a sand-covered staircase.
  6743 | Ossuary  | Entered an ossuary
  7048 | Ossuary  | Reached **** piety under Trog
  7180 | D:7      | Reached skill level 8 in Axes
  7180 | D:7      | Reached XP level 9. HP: 68/68 MP: 9/9
  7915 | D:7      | Found a hide-covered altar of Uskayaw.
  8307 | D:7      | Noticed Joseph
  8323 | D:7      | Killed Joseph
  8676 | D:8      | Found a staircase to the Lair.
  8688 | D:8      | Reached skill level 1 in Stealth
  8703 | D:8      | Noticed Pikel
  8731 | D:8      | Killed Pikel
  8732 | D:8      | Reached skill level 9 in Axes
  8822 | D:8      | Noticed Gastronok
  8839 | D:8      | Killed Gastronok
  8840 | D:8      | Reached skill level 5 in Dodging
  8840 | D:8      | Reached skill level 5 in Evocations
  8840 | D:8      | Gained mutation: Spells you cast may paralyse adjacent
                  | enemies. [demonic ancestry]
  8840 | D:8      | Reached XP level 10. HP: 21/77 MP: 10/10
  9272 | D:8      | Noticed Maurice
  9277 | D:8      | Noticed Maurice
  9277 | D:8      | Maurice changed into Maurice the jelly
  9283 | D:8      | Killed Maurice the jelly
  9301 | D:8      | Reached skill level 10 in Axes
  9323 | D:8      | Identified the +5 mace "Deezunokk" {drain, rElec rF- Str+9
                  | Int+4}
  9453 | D:8      | Noticed Harold
  9469 | D:8      | Killed Harold
  9965 | D:9      | Reached skill level 1 in Maces & Flails
 10399 | D:9      | Paralysed by a floating eye for 3 turns
 10436 | D:9      | Reached ***** piety under Trog
 10505 | D:9      | Gained mutation: You have a pair of horns on your head.
                  | [demonic ancestry]
 10505 | D:9      | Reached XP level 11. HP: 73/84 MP: 11/11
 10540 | D:9      | Paralysed by a floating eye for 3 turns
 10684 | D:9      | Received a gift from Trog
 11300 | D:10     | Entered Level 10 of the Dungeon
 11318 | D:10     | Noticed a two-headed ogre
 11411 | D:10     | Noticed a two-headed ogre
 11418 | D:10     | Killed a two-headed ogre
 11419 | D:10     | Reached skill level 11 in Axes
 11620 | D:9      | Paralysed by a floating eye for 4 turns
 11645 | D:10     | Found a staircase to the Orcish Mines.
 11776 | D:10     | Found a runed translucent door.
 11789 | D:10     | Found a shimmering altar of Xom.
 11789 | D:10     | Noticed turdburglar's ghost (journeyman GnHu)
 11790 | D:10     | Noticed a +0 flail of chaos
 12693 | D:10     | Found a hazy altar of Hepliaklqana.
 12725 | D:10     | Noticed a two-headed ogre
 12729 | D:10     | Killed a two-headed ogre
 12730 | D:10     | Reached skill level 5 in Armour
 12877 | D:10     | Killed a two-headed ogre
 13316 | D:11     | Reached skill level 12 in Axes
 13387 | D:11     | Found a basalt altar of Yredelemnul.
 13517 | D:11     | Identified the ring of the Townfolk {rElec rF+ Will+ Int+2}
 13625 | D:11     | Identified the +9 long sword of Tenacity {holy, rN+ Int+2}
 14314 | D:12     | Received a gift from Trog
 14488 | D:12     | Noticed a deep elf pyromancer
 14497 | D:12     | Killed a deep elf pyromancer
 14498 | D:12     | Reached XP level 12. HP: 94/94 MP: 12/12
 14671 | D:12     | Noticed a boulder beetle
 14681 | D:12     | Killed a boulder beetle
 15205 | D:12     | Noticed a four-headed hydra
 15212 | D:12     | Killed a one-headed hydra
 15325 | D:12     | Demolished by a titanic slime creature

Illustrated notes

Levels and vault maps discovered:
D:1:      onia_arrival_zoo_common, layout_rooms
D:2:      layout_loops_ring, serial_co_window_serial, co_window_paths_a,
          co_window_paths_a, co_window_paths_a, co_window_paths_a,
          co_window_corner_a, co_window_of_opportunity_a, co_window_paths_a,
          co_window_broadway_a, co_window_2corner, co_window_broadway_c,
          co_window_of_opportunity_c, co_window_unsneaky_path_b,
          glass_columns_c, glass_columns_c, glass_columns_c, glass_columns_b,
          basic_altar, ebering_ecumenical_altar_petrified, minmay_distorted
D:3:      layout_rooms, uniq_robin, uniq_grinder
D:4:      layout_loops_ring, mainiacjoe_overflow_divided_tiny,
          minmay_temple_entry_overgrown
D:5:      layout_gridville, serial_shops, kennysheep_mini_moat,
          amcnicky_mini_pool_medium, uniq_sigmund
D:6:      layout_loops_ring, uniq_duvessa
D:7:      layout_cave_pods, nicolae_uskayaw_suspiria, enter_ossuary_4,
          uniq_joseph
D:8:      layout_cave_pools, lair_entry_dummy, kennysheep_donut, uniq_gastronok,
          uniq_pikel, uniq_harold, uniq_maurice
D:9:      layout_basic, grunt_ministairs_15, onia_ninara_cookie
D:10:     kennysheep_seaside_town, layout_loops_ring,
          mainiacjoe_overflow_cross_hatched, zombieorc2_lemuel,
          ebering_ghost_xom
D:11:     layout_irregular_city, minivault_10, yredelemnul_altar_generic
D:12:     layout_roguey, hangedman_tell_no_tales

Skill      XL: |  1  2  3  4  5  6  7  8  9 10 11 12 |
---------------+-------------------------------------+-----
Axes           | 3 4 5 6 8 9 10 12 | 12.7
Dodging        | 2 3 4 5 6 |  6.6
Armour         | 2 3 4 5 |  5.5
Evocations     | 1 2 3 5 6 7 |  7.1
Fighting       | 4 5 6 7 8 |  8.7
Shields        | 1 2 |  2.7
Stealth        | 1 |  1.2
Maces & Flails | 3 |  3.3

Action                   |  1- 3 |  4- 6 |  7- 9 | 10-12 || total
-------------------------+-------+-------+-------+-------++-------
Melee: Hand axe          |   116 |    94 |   386 |    57 ||   653
       Headbutt          |     8 |    18 |    94 |   119 ||   239
       Punch             |     1 |       |     1 |       ||     2
       Mace              |       |       |       |   128 ||   128
       Broad axe         |       |       |       |   195 ||   195
       Executioner's axe |       |       |       |    50 ||    50
Invok: Berserk           |       |     3 |     8 |     6 ||    17
Evoke: Wand              |       |     5 |     5 |     7 ||    17
  Use: Scroll            |       |     2 |     5 |     5 ||    12
Armor: Ring mail         |    37 |    46 |   183 |   185 ||   451
Dodge: Dodged            |    53 |    57 |   208 |   328 ||   646
Block: Other             |     4 |    23 |    36 |     8 ||    71
       Orb               |       |       |    33 |    41 ||    74
